 Dungeon Crawl Stone Soup version 0.21.1-1-g345015f (webtiles) character file.

12 ninurtach the Ruffian (level 2, -1/25 HPs)
             Began as a Naga Transmuter on Apr 6, 2018.
             Slain by a quokka (4 damage)
             ... on level 2 of the Dungeon.
             The game lasted 00:02:01 (1661 turns).

ninurtach the Ruffian (Naga Transmuter)             Turns: 1661, Time: 00:02:02

Health: -1/25      AC:  1    Str: 12    XL:     2   Next: 33%
Magic:  5/5        EV: 10    Int: 13    God:
Gold:   58         SH:  0    Dex: 11    Spells: 2/5 levels left

rFire    . . .     SeeInvis +     - Unarmed
rCold    . . .     Gourm    .   (no shield)
rNeg     . . .     Faith    .   b - +0 robe
rPois    +         Spirit   .   (no helmet)
rElec    .         Reflect  .   (no cloak)
rCorr    .         Harm     .   (no gloves)
MR       .....                  (no barding)
Stlth    ++........             (no amulet)
HPRegen  0.08/turn              i - ring of stealth
MPRegen  0.09/turn              (no ring)

@: lethally poisoned (-1 -> -4), very slow
A: large, see invisible, deformed body, poison resistance, slowness 2, slow
metabolism 1, spit poison 1, AC +0
a: Spit Poison


You were on level 2 of the Dungeon.
You were not hungry.

You visited 1 branch of the dungeon, and saw 2 of its levels.

You collected 58 gold pieces.

Inventory:

Missiles
 a - 12 arrows
Armour
 b - a +0 robe (worn)
 l - a cursed +0 robe
Jewellery
 i - a ring of stealth (left hand)
Scrolls
 f - a scroll of remove curse {unknown}
 j - a scroll of blinking {unknown}
 k - a scroll of identify {unknown}
Potions
 e - a potion of lignification {unknown}
 g - a potion of mutation {unknown}
 h - a potion of brilliance {unknown}
Books
 c - a book of Changes

   Spells                             Type                      Level
   a - Beastly Appendage              Transmutation                1
   b - Sticks to Snakes               Transmutation                2
   c - Spider Form                    Transmutation/Poison         3
   d - Ice Form                       Ice/Transmutation            4
   e - Blade Hands                    Transmutation                5
Comestibles
 d - 2 rations


   Skills:
 - Level 1.0 Fighting
 - Level 1.5 Dodging
 + Level 3.2 Unarmed Combat
 - Level 2.0 Spellcasting
 * Level 2.6 Transmutations


You had 2 spell levels left.
You knew the following spells:

 Your Spells              Type           Power        Failure   Level  Hunger
a - Beastly Appendage     Tmut           #.....       9%          1    ##.....
b - Sticks to Snakes      Tmut           #.......     13%         2    ###....


Dungeon Overview and Level Annotations

Branches:
Dungeon (2/15)

Altars:
Dithmenos
Uskayaw
Xom


Innate Abilities, Weirdness & Mutations

You cannot wear boots.
Your serpentine skin is tough. (AC +0)
You have supernaturally acute eyesight. (SInv)
Armour fits poorly on your strangely shaped body.
Your system is resistant to poisons. (rPois)
You cover ground very slowly.
You have a slow metabolism.
You can spit poison.


Message History

The frilled lizard bites you but does no damage.
The kobold throws a stone.
The stone closely misses you.
You barely miss the adder. The quokka bites you. The adder bites you.
The frilled lizard closely misses you. The quokka bites you.
You take 6 damage, and have 14/25 hp.
MASSIVE DAMAGE!!
You hit the adder but do no damage. The adder barely misses you.
The frilled lizard bites you. x2; The quokka closely misses you.
The adder bites you.
You take 6 damage, and have 8/25 hp.
MASSIVE DAMAGE!!
You barely miss the adder. The frilled lizard bites you.
* * * LOW HITPOINT WARNING * * *
The adder bites you.
* * * LOW HITPOINT WARNING * * *
The quokka closely misses you. The frilled lizard barely misses you.
You take 2 damage, and have 6/25 hp.
You closely miss the adder. The adder bites you.
* * * LOW HITPOINT WARNING * * *
You are lethally poisoned!
The adder poisons you! The quokka bites you.
You die...

#..........
#..........
#..........
#..........
###..........
#.!........[.
#.l(.......
#S@l.......
#...#r#######
>.....K....
..........(...
....#...#######
.###....#
#.#... #.##.#


You could see an adder, a quokka, a kobold and 2 frilled lizards.

Vanquished Creatures
  A dart slug (D:1)
  2 hobgoblins (D:1)
  A frilled lizard (D:1)
  5 goblins (D:1)
  A rat (D:1)
10 creatures vanquished.

Notes
Turn   | Place    | Note
-------+----------+-------------------------------------------
     0 | D:1      | ninurtach the Naga Transmuter began the quest for the Orb.
     0 | D:1      | Reached XP level 1. HP: 18/18 MP: 3/3
    47 | D:1      | Found an opulent altar of Gozag.
    49 | D:1      | Found a shimmering altar of Xom.
    49 | D:1      | Found a hide-covered altar of Uskayaw.
    51 | D:1      | Found a shadowy altar of Dithmenos.
    51 | D:1      | Found a shadowy altar of Dithmenos.
    51 | D:1      | Found a shadowy altar of Dithmenos.
   120 | D:1      | Reached XP level 2. HP: 20/25 MP: 5/5
  1596 | D:2      | Learned a level 2 spell: Sticks to Snakes
  1661 | D:2      | Slain by a quokka

Action                   || total
-------------------------++-------
Melee: Unarmed           ||    44
 Cast: Beastly Appendage ||     2
 Stab: Sleeping          ||     3
  Eat: Chunk             ||     1
Armor: Robe              ||     2
Dodge: Dodged            ||    29
